 Dungeon Crawl Stone Soup version 0.29.0-4-gdea44cf6ec (webtiles) character file.

Game seed: 5505224391697922977

2536 qw the Cleaver (level 9, 0/56 HPs)
             Began as a Gargoyle Fighter on Sept 4, 2022.
             Slain by a two-headed ogre
             ... wielding a +0 giant club
              (7 damage)
             ... on level 7 of the Dungeon.
             The game lasted 00:03:18 (6790 turns).

qw the Cleaver (Gargoyle Fighter)                   Turns: 6790, Time: 00:03:18

Health: 0/56       AC: 19    Str: 27    XL:     9   Next: 55%
Magic:  9/9        EV:  6    Int: 10    God:
Gold:   1070       SH:  9    Dex:  9    Spells: 8/8 levels left

rFire   + . .      SeeInvis .   Y - +0 war axe
rCold   + . .      Faith    .   n - +0 kite shield
rNeg    + . .      Spirit   .   i - +0 plate armour of the Bells {Rampage rF+ Str+4}
rPois   inf        Reflect  .   h - +0 helmet
rElec   +          Harm     .   (no cloak)
rCorr   .          Rampage  +   (no gloves)
Will    .....                   (no boots)
Stlth   ..........              c - amulet of regeneration
HPRegen 1.78/turn               (no ring)
MPRegen 0.11/turn               (no ring)

@: no status effects
A: sickness immunity, AC +6, negative energy resistance 1, electricity
resistance, torment resistance 1, petrification resistance, cold resistance 1,
regeneration 1, screaming 1
a: no special abilities


You were on level 7 of the Dungeon.
You visited 2 branches of the dungeon, and saw 8 of its levels.

You collected 1070 gold pieces.


Innate Abilities, Weirdness & Mutations

You are immune to sickness and miasma.
Your stone body is resilient. (AC +6)
You are immune to poison.
You resist negative energy. (rN+)
You are resistant to electric shocks. (rElec)
You are resistant to unholy torment.
You are immune to petrification.
Your flesh is cold resistant. (rC+)
Your natural rate of healing is unusually fast.
You occasionally shout uncontrollably at your foes.


   Skills:
 - Level 6.9 Fighting
 - Level 8.1 Axes
 + Level 4.4 Armour
 - Level 1.1 Dodging
 - Level 8.0 Shields


You had 8 spell levels left.
You didn't know any spells.
Your spell library was empty.

Inventory:

Hand Weapons
 e - a +0 morningstar
 Y - a +0 war axe (weapon)
Armour
 h - a +0 helmet (worn)
 i - the +0 plate armour of the Bells (worn) {Rampage rF+ Str+4}
   (You acquired it on level 6 of the Dungeon)

   Str:       It affects your strength (+4).
   rF:        It protects you from fire.
   Rampage:   It bestows one free step when moving towards enemies.
 n - a +0 kite shield (worn)
Jewellery
 c - an amulet of regeneration (around neck)
Scrolls
 a - 3 scrolls of teleportation
 o - a scroll of identify
Potions
 b - a potion of curing
 d - 2 potions of might
 f - 3 potions of heal wounds
 g - 3 potions of mutation
 j - a potion of haste {unknown}
 l - a potion of brilliance {unknown}

Dungeon Overview and Level Annotations

Branches:
Dungeon (7/15)             Temple (1/1) D:6

Altars:
Ashenzari
Cheibriados
Elyvilon
Fedhas
Gozag
Makhleb
Nemelex Xobeh
Okawaru
Sif Muna
Trog
Uskayaw
Wu Jian
Xom
Yredelemnul
Zin
The Shining One


Message History

You struggle to resist.
You closely miss the shadow imp.
The shadow imp is lightly wounded.
The shadow imp sputters.
The shadow imp hits you but does no damage. x2
You hit the shadow imp.
The shadow imp is severely wounded.
You block the shadow imp's attack.
You barely miss the shadow imp.
The shadow imp is severely wounded.
The shadow imp barely misses you.
You slash the shadow imp!
You kill the shadow imp!
You see here a necrophage corpse.
Found a stone staircase leading down.
Enter note:
j - a smoky coppery potion
Found a stone staircase leading down.
Found a wand of mindburst (16).
You now have 1070 gold pieces (gained 12).
A two-headed ogre comes into view. It is wielding two +0 giant clubs.
The two-headed ogre shouts in stereo!
You see here 3 scrolls labelled AMOWOXTAYTZIO.
Enter note:
Enter note: You hit the two-headed ogre but do no damage.
The two-headed ogre barely misses you.
The two-headed ogre hits you with a +0 giant club!!
You slash the two-headed ogre!
The two-headed ogre is moderately wounded.
The two-headed ogre barely misses you. x2
You slash the two-headed ogre!
The two-headed ogre is heavily wounded.
You block the two-headed ogre's attack.
The two-headed ogre hits you with a +0 giant club!
You hit the two-headed ogre.
The two-headed ogre is heavily wounded.
The two-headed ogre hits you with a +0 giant club!!
The two-headed ogre hits you with a +0 giant club!
You die...

...... .....#
.....# ##....
#....# ####....#
##....O.#
.#.....@.#
........##
........#
........#
........## ####
.........####....#
......##.......#
.....# ##..#####
....# #..####


You could see a two-headed ogre.

Vanquished Creatures
  Pikel (D:4)
  A wraith (D:6)
  3 black bears
  2 ogres
  3 ice beasts
  A phantom (D:4)
  A necrophage (D:7)
  A scorpion (D:6)
  A jelly (D:5)
  2 orc priests (D:6)
  2 hounds (D:6)
  A gnoll bouda (D:5)
  Natasha (thrice) (D:4)
  Terence (D:3)
  5 iguanas
  8 orc wizards
  Robin (D:3)
  12 gnolls
  10 adders
  A shadow imp (D:7)
  3 white imps
  4 worms
  4 dart slugs
  15 orcs
  3 ball pythons
  5 bats
  7 endoplasms
  5 giant cockroaches
  16 goblins
  16 hobgoblins
  11 jackals
  A quokka (D:5)
  8 frilled lizards
  8 kobolds
  A quokka zombie (D:4)
  7 rats
  A rat zombie (D:4)
175 creatures vanquished.

Vanquished Creatures (others)
  3 plants (D:6)
3 creatures vanquished.

Grand Total: 178 creatures vanquished

Notes
Turn   | Place    | Note
-------+----------+-------------------------------------------
     0 | D:1      | qw the Gargoyle Fighter began the quest for the Orb.
     0 | D:1      | Reached XP level 1. HP: 14/14 MP: 1/1
     0 | D:1      | 0 ||| qw: Version: 0.1-a-103-gd6f5d3a
     0 | D:1      | 0 ||| qw: Game counter: 5388
     0 | D:1      | 0 ||| qw: Always use a shield: true
     0 | D:1      | 0 ||| qw: God list: Ru
     0 | D:1      | 0 ||| qw: Allow faded altars: false
     0 | D:1      | 0 ||| qw: Do Orc after D:15 true
     0 | D:1      | 0 ||| qw: Do second Lair branch before Depths: true
     0 | D:1      | 0 ||| qw: Lair rune preference: random
     0 | D:1      | 0 ||| qw: Plans: Normal
     0 | D:1      | 0 ||| PLANNING D:1-11
   105 | D:1      | 105 ||| Stepping ~*~*~tactically~*~*~ (stealth).
   107 | D:1      | 107 ||| Stepping ~*~*~tactically~*~*~ (stealth).
   108 | D:1      | 108 ||| Stepping ~*~*~tactically~*~*~ (stealth).
   114 | D:1      | Reached XP level 2. HP: 17/19 MP: 2/2
   164 | D:1      | 164 ||| Stepping ~*~*~tactically~*~*~ (stealth).
   166 | D:1      | 166 ||| Stepping ~*~*~tactically~*~*~ (stealth).
   447 | D:1      | 447 ||| Stepping ~*~*~tactically~*~*~ (stealth).
   453 | D:1      | Reached skill level 3 in Axes
   515 | D:1      | Reached XP level 3. HP: 23/23 MP: 3/3
   517 | D:1      | 517 ||| Stepping ~*~*~tactically~*~*~ (stealth).
   518 | D:1      | 518 ||| Stepping ~*~*~tactically~*~*~ (stealth).
   709 | D:1      | 709 ||| DROPPING +0 club.
  1036 | D:1      | 1036 ||| Stepping ~*~*~tactically~*~*~ (hiding).
  1281 | D:1      | 1281 ||| READING 3 scrolls labelled DIQURU ZIAP.
  1284 | D:1      | 1284 ||| READING scroll labelled UMO EROURHEUMP.
  1285 | D:1      | 1285 ||| READING scroll labelled EPTETHR EHOPN.
  1458 | D:2      | 1458 ||| Stepping ~*~*~tactically~*~*~ (stealth).
  1535 | D:2      | Reached XP level 4. HP: 28/28 MP: 4/4
  1594 | D:2      | 1594 ||| Stepping ~*~*~tactically~*~*~ (stealth).
  1602 | D:2      | 1602 ||| Stepping ~*~*~tactically~*~*~ (stealth).
  1845 | D:2      | 1845 ||| Stepping ~*~*~tactically~*~*~ (stealth).
  1863 | D:2      | 1863 ||| Stepping ~*~*~tactically~*~*~ (stealth).
  2076 | D:2      | 2076 ||| DROPPING ring of magical power.
  2077 | D:2      | 2077 ||| READING scroll labelled HAQUJISOLUD.
  2128 | D:2      | 2128 ||| READING scroll labelled EMPAMU LINUBB.
  2128 | D:2      | Identified a scroll of acquirement
  2128 | D:2      | 2128 ||| ACQUIRING 663 gold pieces
  2128 | D:2      | Acquired 663 gold pieces
  2130 | D:2      | 2130 ||| READING scroll labelled IRRUUNIRE.
  2131 | D:2      | 2131 ||| DRINKING 2 silvery potions.
  2132 | D:2      | 2132 ||| DRINKING 2 black potions.
  2180 | D:3      | 2180 ||| PLANNING SEWER
  2274 | D:3      | Found a blossoming altar of Fedhas.
  2365 | D:3      | Noticed Terence
  2368 | D:3      | 2368 ||| Stepping ~*~*~tactically~*~*~ (stealth).
  2379 | D:3      | Killed Terence
  2414 | D:3      | Reached XP level 5. HP: 26/32 MP: 5/5
  2466 | D:3      | 2466 ||| DROPPING +0 whip.
  2473 | D:3      | Found an iron altar of Okawaru.
  2559 | D:3      | Noticed Robin
  2560 | D:3      | 2560 ||| Stepping ~*~*~tactically~*~*~ (hiding).
  2573 | D:3      | Killed Robin
  2782 | D:3      | 2782 ||| RIP SEWER
  2868 | D:3      | 2868 ||| PLANNING D:1-11
  3233 | D:3      | 3233 ||| UPGRADING to +0 helmet.
  3238 | D:3      | 3238 ||| UPGRADING to +0 kite shield.
  3248 | D:3      | 3248 ||| DROPPING +0 buckler.
  3249 | D:3      | 3249 ||| DROPPING ring of flight.
  3250 | D:3      | 3250 ||| DRINKING 3 glowing purple potions.
  3250 | D:3      | Gained mutation: Your natural rate of healing is unusually
                  | fast. [potion of mutation]
  3250 | D:3      | Gained mutation: You occasionally shout uncontrollably at
                  | your foes. [potion of mutation]
  3250 | D:3      | Gained mutation: Your flesh is cold resistant. (rC+)
                  | [potion of mutation]
  3251 | D:3      | 3251 ||| DRINKING 2 murky silvery potions.
  3274 | D:3      | 3274 ||| DRINKING 3 pink potions.
  3275 | D:3      | 3275 ||| READING 3 scrolls of identify.
  3275 | D:3      | 3275 ||| IDENTIFYING fizzy red potion
  3276 | D:3      | 3276 ||| READING 2 scrolls of identify.
  3276 | D:3      | 3276 ||| IDENTIFYING sedimented purple potion
  3277 | D:3      | 3277 ||| DROPPING potion of lignification.
  3278 | D:3      | 3278 ||| DROPPING potion of flight.
  3279 | D:3      | 3279 ||| DROPPING 2 potions of attraction.
  3280 | D:3      | 3280 ||| DROPPING potion of ambrosia.
  3294 | D:4      | 3294 ||| PLANNING OSSUARY
  3364 | D:4      | 3364 ||| Stepping ~*~*~tactically~*~*~ (hiding).
  3494 | D:4      | 3494 ||| DRINKING 2 potions of curing.
  3494 | D:4      | 3494 ||| (to cure confusion)
  3509 | D:4      | Reached XP level 6. HP: 37/37 MP: 6/6
  3630 | D:4      | 3630 ||| Stepping ~*~*~tactically~*~*~ (hiding).
  3646 | D:4      | HP: 8/37 [gnoll/+1 spear of flaming (4)]
  3647 | D:4      | 3647 ||| READING 3 scrolls of teleportation.
  3648 | D:4      | 3648 ||| DRINKING 2 potions of heal wounds.
  3774 | D:4      | Noticed Pikel
  3784 | D:4      | 3784 ||| Stepping ~*~*~tactically~*~*~ (stealth).
  3785 | D:4      | 3785 ||| Stepping ~*~*~tactically~*~*~ (stealth).
  3790 | D:4      | Killed Pikel
  3791 | D:4      | Reached skill level 6 in Fighting
  3791 | D:4      | Reached XP level 7. HP: 37/47 MP: 7/7
  3813 | D:4      | Noticed Natasha
  3814 | D:4      | 3814 ||| Stepping ~*~*~tactically~*~*~ (hiding).
  3820 | D:4      | Killed Natasha
  3821 | D:4      | Reached skill level 1 in Dodging
  3821 | D:4      | Reached XP level 8. HP: 52/52 MP: 8/8
  3836 | D:4      | Noticed Natasha
  3837 | D:4      | 3837 ||| Stepping ~*~*~tactically~*~*~ (stealth).
  3838 | D:4      | 3838 ||| Stepping ~*~*~tactically~*~*~ (stealth).
  3847 | D:4      | 3847 ||| DRINKING potion of curing.
  3847 | D:4      | 3847 ||| (to cure confusion)
  3858 | D:4      | Killed Natasha
  3930 | D:4      | Found a sand-covered staircase.
  3931 | D:4      | 3931 ||| UPGRADING to +0 chain mail.
  3941 | D:4      | 3941 ||| DROPPING +0 scale mail.
  3942 | D:4      | 3942 ||| READING scroll labelled WUNNUT QOERI.
  4083 | D:4      | 4083 ||| Stepping ~*~*~tactically~*~*~ (hiding).
  4084 | D:4      | 4084 ||| Stepping ~*~*~tactically~*~*~ (hiding).
  4085 | D:4      | 4085 ||| Stepping ~*~*~tactically~*~*~ (hiding).
  4203 | D:4      | 4203 ||| Stepping ~*~*~tactically~*~*~ (stealth).
  4264 | D:4      | Found an ornate altar of the Wu Jian Council.
  4265 | D:4      | 4265 ||| RIP OSSUARY
  4265 | D:4      | 4265 ||| PLANNING D:1-11
  4265 | D:4      | Found a hide-covered altar of Uskayaw.
  4336 | D:4      | Noticed Natasha
  4338 | D:4      | 4338 ||| Stepping ~*~*~tactically~*~*~ (hiding).
  4350 | D:4      | Killed Natasha
  4394 | D:5      | Entered Level 5 of the Dungeon
  4444 | D:5      | 4444 ||| Stepping ~*~*~tactically~*~*~ (stealth).
  4447 | D:5      | 4447 ||| Stepping ~*~*~tactically~*~*~ (stealth).
  4448 | D:5      | 4448 ||| Stepping ~*~*~tactically~*~*~ (stealth).
  4450 | D:5      | Reached skill level 6 in Axes
  4502 | D:5      | 4502 ||| Stepping ~*~*~tactically~*~*~ (hiding).
  4715 | D:5      | Reached skill level 6 in Shields
  4719 | D:5      | Found an opulent altar of Gozag.
  4853 | D:5      | 4853 ||| Stepping ~*~*~tactically~*~*~ (hiding).
  5480 | D:5      | 5480 ||| UPGRADING to +0 plate armour.
  5490 | D:5      | 5490 ||| DROPPING +0 chain mail.
  5491 | D:5      | 5491 ||| READING scroll labelled HAAKHL FOILES.
  5492 | D:5      | 5492 ||| READING 2 scrolls labelled ILOAXKINLU.
  5493 | D:5      | 5493 ||| READING scroll labelled AMY REKHLOENKA.
  5494 | D:5      | 5494 ||| DROPPING scroll of immolation.
  5531 | D:4      | 5531 ||| READING 3 scrolls of teleportation.
  5693 | D:6      | 5693 ||| Stepping ~*~*~tactically~*~*~ (hiding).
  5710 | D:6      | 5710 ||| Stepping ~*~*~tactically~*~*~ (stealth).
  5766 | D:6      | 5766 ||| FLEEEEING.
  5784 | D:6      | Reached XP level 9. HP: 50/56 MP: 7/9
  5799 | D:6      | 5799 ||| DRINKING 2 potions of curing.
  5799 | D:6      | 5799 ||| (to cure confusion)
  5847 | D:6      | Found a broken altar of Ashenzari.
  5896 | D:6      | 5896 ||| READING scroll of acquirement.
  5896 | D:6      | 5896 ||| ACQUIRING +0 plate armour of the Bells {Rampage
                  | rF+ Str+4}
  5896 | D:6      | Acquired the +0 plate armour of the Bells {Rampage rF+
                  | Str+4}
  5898 | D:6      | 5898 ||| UPGRADING to +0 plate armour of the Bells {Rampage
                  | rF+ Str+4}.
  5908 | D:6      | 5908 ||| DROPPING +0 plate armour.
  5923 | D:6      | 5923 ||| Stepping ~*~*~tactically~*~*~ (hiding).
  5930 | D:6      | 5930 ||| Stepping ~*~*~tactically~*~*~ (hiding).
  6149 | D:6      | Found a staircase to the Ecumenical Temple.
  6150 | D:6      | 6150 ||| PLANNING TEMPLE
  6150 | D:6      | 6150 ||| READING scroll labelled EREIQE GYLEFUWOEW.
  6197 | Temple   | Entered the Ecumenical Temple
  6198 | Temple   | 6198 ||| READING 4 scrolls of teleportation.
  6199 | Temple   | 6199 ||| PLANNING D:1-11
  6663 | D:6      | 6663 ||| UPGRADING to amulet of regeneration.
  6781 | D:7      | Noticed a two-headed ogre
  6790 | D:7      | HP: 7/56 [two-headed ogre/+0 giant club (19)]
  6790 | D:7      | Slain by a two-headed ogre

Levels and vault maps discovered:
D:1:      mrwooster_arrival_statue_3, layout_basic
D:2:      layout_basic, lemuel_another_geyser
D:3:      layout_loops_ring, lemuel_doored_altar, mainiacjoe_overflow_boulevard,
          portal_sewer_entry_d, uniq_robin, uniq_terence
D:4:      minmay_evil_eye, layout_gridville, nicolae_overflow_hidden_temple,
          enter_ossuary_4, uniq_pikel, uniq_natasha
D:5:      layout_loops_corners, overflow_temple_1_default
D:6:      layout_basic, cheibrodos_ashenzari_chains,
          minmay_temple_entry_gardened_gates, serial_park_tiny_pond,
          hangedman_minor_gate_pass
D:7:      layout_cave_pods, general_overflow_altar, amcnicky_altar_gilded,
          eino_tiny_chamber
Temple:   hellmonk_temple_micro_hex

Skill      XL: |  1  2  3  4  5  6  7  8  9 |
---------------+----------------------------+-----
Axes           | 2 3 4 5 7 8 |  8.1
Shields        | 4 5 6 8 |  8.0
Fighting       | 6 |  6.9
Dodging        | 1 |  1.1
Armour         | 4 |  4.4

Action                   |  1- 3 |  4- 6 |  7- 9 || total
-------------------------+-------+-------+-------++-------
Melee: War axe           |   112 |   188 |   306 ||   606
Throw: Boomerang         |       |     5 |       ||     5
  Use: Scroll            |     3 |     6 |     8 ||    17
       Potion            |       |     7 |     2 ||     9
Armor: Scale mail        |    61 |    94 |    31 ||   186
       Chain mail        |       |       |    57 ||    57
       Plate armour      |       |       |   104 ||   104
Dodge: Dodged            |    73 |    79 |    79 ||   231
Block: Buckler           |    23 |    18 |       ||    41
       Kite shield       |       |    40 |   130 ||   170

Table legend:
 A = Non-vault XP
 B = Vault XP
 C = Vault XP percentage of total XP
 D = Non-vault monster count
 E = Vault monster count
 F = Vault count percentage of total count
                 A         B        C        D         E       F
            +---------+---------+-------+---------+---------+-------
      Total |    2337 |    1286 |  35.5 |     152 |      23 |  13.1
            +---------+---------+-------+---------+---------+-------
        D:1 |      48 |       0 |   0.0 |      29 |       0 |   0.0
        D:2 |      69 |       0 |   0.0 |      30 |       0 |   0.0
        D:3 |      34 |      76 |  69.1 |      10 |       9 |  47.4
        D:4 |     436 |     830 |  65.6 |      29 |       9 |  23.7
        D:5 |     639 |       0 |   0.0 |      22 |       0 |   0.0
        D:6 |    1008 |     380 |  27.4 |      30 |       5 |  14.3
        D:7 |     103 |       0 |   0.0 |       2 |       0 |   0.0
            +---------+---------+-------+---------+---------+-------
